 Dungeon Sprint DCSS version 0.27-a0-633-gc6addc0a40 (webtiles) character file.

Game seed: 4959016343660149025

128 rocky1 the Fighter (level 5, 0/65 HPs)
             Began as an Ogre Berserker on Mar 13, 2021.
             Was an Elder of Trog.
             Slain by Edmund
             ... wielding a +4 vorpal dire flail
              (13 damage)
             ... in the Dungeon (Sprint VII: "The Pits") on Mar 14, 2021.
             The game lasted 00:03:31 (447 turns).

rocky1 the Fighter (Ogre Berserker)                  Turns: 447, Time: 00:03:32

Health: 0/65       AC: 10    Str: 21    XL:     5   Next: 11%
Magic:  5/5        EV: 11    Int:  8    God:    Trog [****..]
Gold:   0          SH:  0    Dex:  9    Spells: 4/4 levels left

rFire    . . .     SeeInvis .   m - +0 mace (protect)
rCold    . . .     Faith    .   (no shield)
rNeg     . . .     Spirit   .   b - +0 animal skin
rPois    .         Reflect  .   (helmet restricted)
rElec    .         Harm     .   (no cloak)
rCorr    .         Rampage  .   (gloves unavailable)
Will     .....     NoTele   +   (boots unavailable)
Stlth    +.........             (no amulet)
HPRegen  0.20/turn              (no ring)
MPRegen  0.09/turn              (no ring)

@: protection aura, berserk cooldown
A: large, unfitting armour, tough skin 1
a: Renounce Religion, Berserk, Trog's Hand, Brothers in Arms


You were in the Dungeon.
You worshipped Trog.
Trog was greatly pleased with you.
You visited 1 branch

Inventory:

Hand Weapons
 a - a +2 vorpal hand axe
 j - a +2 mace of draining
 m - a +0 mace of protection (weapon)
Armour
 b - a +0 animal skin (worn)
Scrolls
 h - a scroll of blinking
 l - a scroll of summoning
Potions
 c - 6 potions of curing
 d - 2 potions of heal wounds
 e - a potion of haste
 f - 4 potions of magic
 g - 3 potions of berserk rage
 k - 2 potions of invisibility


   Skills:
 + Level 8.3 Fighting
 + Level 5.7 Maces & Flails
 + Level 5.8 Dodging


You had 4 spell levels left.
You didn't know any spells.
Your spell library was empty.

Dungeon Overview and Level Annotations

Branches:
Dungeon (1/1)

Altars:
Ashenzari
Cheibriados
Dithmenos
Elyvilon
Fedhas
Gozag
Hepliaklqana
Kikubaaqudgha
Makhleb
Nemelex Xobeh
Okawaru
Qazlal
Ru
Sif Muna
Trog
Uskayaw
Vehumet
Wu Jian
Xom
Yredelemnul
Zin
The Shining One
Beogh
Jiyva
Lugonu

Annotations:
D Edmund


Innate Abilities, Weirdness & Mutations

You are too large for most types of armour.
You have tough skin. (AC +1)


Message History

The crimson imp barely misses you. Edmund hits you but does no damage.
You hit Edmund.
Edmund is heavily wounded.
The crimson imp hits you but does no damage.
Edmund hits you with a +4 vorpal dire flail.
The crimson imp hits you but does no damage.
You hit Edmund.
Edmund is heavily wounded.
Edmund completely misses you. The crimson imp closely misses you.
Edmund hits you with a +4 vorpal dire flail.
You hit Edmund but do no damage.
Edmund is heavily wounded.
The crimson imp barely misses you.
Edmund hits you with a +4 vorpal dire flail!
* * * LOW HITPOINT WARNING * * *
x2 The crimson imp misses you.
The bullfrog gives a loud, deep croak!
You hit Edmund but do no damage.
Edmund is heavily wounded.
Edmund asks, "Have you met my wondrous brother?"
Edmund hits you but does no damage. The crimson imp barely misses you.
Edmund hits you with a +4 vorpal dire flail.
* * * LOW HITPOINT WARNING * * *
x2 The crimson imp barely misses you.
You feel much better. Edmund hits you but does no damage.
The crimson imp completely misses you.
You hit Edmund.
Edmund is severely wounded.
You feel yourself speed up.
Edmund hits you with a +4 vorpal dire flail!
* * * LOW HITPOINT WARNING * * *
x2 The crimson imp blinks!
Edmund closely misses you.
You hit Edmund.
Edmund is severely wounded.
Edmund misses you.
Unknown command.
You hit Edmund.
Edmund is severely wounded.
Edmund hits you with a +4 vorpal dire flail!
You die...

#...........'.....
#'#####'#####.....
#.#..#..#..##.....
#.#..'..)..#####'#
#.##)####'###.....
#.#........##.....
#.#........##.....
#5#####'#####...<.
#@#...)))[.##.....
#@#...)).[.##.....
#F###########.....
#...5..ยง# ######
#.......#
#...#.T.# #..##
..# #... F# #... #


You could see Edmund, a bullfrog and a crimson imp.

Vanquished Creatures
  Purgy (D)
  A worker ant (D)
  2 leopard geckos (D)
  A ball python (D)
  2 goblins (D)
  A hobgoblin (D)
  2 kobolds (D)
  A quokka (D)
  2 rats (D)
13 creatures vanquished.

Notes
Turn   | Place    | Note
-------+----------+-------------------------------------------
     0 | D        | rocky1 the Ogre Berserker began the quest for the Orb.
     0 | D        | Reached XP level 1. HP: 24/24 MP: 1/1
    45 | D        | Found a bloodstained altar of Trog.
    45 | D        | Found a shimmering blue altar of Sif Muna.
    45 | D        | Found a viscous altar of Jiyva.
    45 | D        | Found a hazy altar of Hepliaklqana.
    45 | D        | Found an opulent altar of Gozag.
    46 | D        | Found a glowing golden altar of the Shining One.
    46 | D        | Found a glowing silver altar of Zin.
    46 | D        | Found a basalt altar of Yredelemnul.
    46 | D        | Found a shimmering altar of Xom.
    46 | D        | Found an ornate altar of the Wu Jian Council.
    46 | D        | Found a sacrificial altar of Ru.
    46 | D        | Found a stormy altar of Qazlal.
    46 | D        | Found an iron altar of Okawaru.
    46 | D        | Found a sparkling altar of Nemelex Xobeh.
    46 | D        | Found a burning altar of Makhleb.
    46 | D        | Found a blossoming altar of Fedhas.
    46 | D        | Found a white marble altar of Elyvilon.
    46 | D        | Found a shadowy altar of Dithmenos.
    46 | D        | Found a snail-covered altar of Cheibriados.
    49 | D        | Found a corrupted altar of Lugonu.
    49 | D        | Found a radiant altar of Vehumet.
    50 | D        | Found an ancient bone altar of Kikubaaqudgha.
    50 | D        | Found a hide-covered altar of Uskayaw.
    50 | D        | Found a broken altar of Ashenzari.
    67 | D        | Noticed a worker ant
    71 | D        | Killed a worker ant
    72 | D        | Reached skill level 5 in Fighting
    72 | D        | Reached XP level 2. HP: 36/36 MP: 2/2
   272 | D        | Reached ** piety under Trog
   273 | D        | Reached XP level 3. HP: 44/44 MP: 3/3
   286 | D        | Reached skill level 6 in Fighting
   290 | D        | Reached *** piety under Trog
   361 | D        | Upgraded the game from 0.27-a0-604-g29a88b33a7 to
                  | 0.27-a0-633-gc6addc0a40
   404 | D        | Noticed Purgy
   404 | D        | Noticed Edmund
   404 | D        | Noticed a bullfrog
   407 | D        | Reached **** piety under Trog
   424 | D        | Killed Purgy
   425 | D        | Reached skill level 8 in Fighting
   425 | D        | Reached skill level 5 in Maces & Flails
   425 | D        | Reached skill level 5 in Dodging
   425 | D        | Reached XP level 4. HP: 57/57 MP: 4/4
   425 | D        | Reached XP level 5. HP: 63/63 MP: 5/5
   447 | D        | Slain by Edmund

Illustrated notes

Levels and vault maps discovered:
D:        pitsprint [storerooms_1, entrance_room_1, metal_vault_6, armoury_3,
          mini_pit_1, grid_room_1, main_hall_1, silver_pit, the_coven_1,
          the_vestibule_1, steel_vault_2, golden_pit, hallway_of_sentries,
          crystal_vault_4, iron_vault_3, final_vault]

Skill      XL: |  1  2  3 |
---------------+----------+-----
Fighting       | 5 8 |  8.3
Maces & Flails | 3 4 5 |  5.7
Dodging        | 4 5 |  5.8

Action                   |  1- 3 |  4- 6 || total
-------------------------+-------+-------++-------
Melee: Mace              |    33 |    18 ||    51
Invok: Berserk           |     3 |       ||     3
  Use: Potion            |       |     4 ||     4
Armor: Animal skin       |    14 |    16 ||    30
Dodge: Dodged            |    15 |    17 ||    32

Table legend: (Time is in decaauts)
 A = Elapsed time spent in this place.
 B = Non-inter-level travel time spent in this place.
 C = Inter-level travel time spent in this place.
 D = Time resting spent in this place.
 E = Time spent auto-exploring this place.
 F = Levels seen in this place.
 G = Mean time per level.
                   A        B        C        D        E       F      G
               +--------+--------+--------+--------+--------+-----+--------+
         Total |    476 |    476 |      0 |    258 |      0 |   1 |  476.0 |
       Dungeon |    476 |    476 |      0 |    258 |      0 |   1 |  476.0 |
               +--------+--------+--------+--------+--------+-----+--------+

Top non-repeatable levels by time:
       D: 476 daAuts
